Map: Eastwatch LE

Players

Nodemaster

  • Race: Zerg Zerg
  • Spawn Location: 7:00

CinDra - Winner!

  • Race: Zerg Zerg
  • League: Bronze
  • Spawn Location: 1:00

VOD

Have the link to the VOD?

Description

Time

  • Played on: Feb. 11, 2018, 12:03 a.m.
  • Length: 14:46
Show
View Real Time Build Order
Export as new Build Order

Nodemaster Zerg 

Build Orders: Pool Only 

Get SALT Encoding   

  12  0:09  Drone x2  
  14  0:20  Overlord  
  14  0:53  Spawning Pool  
  13  0:58  Evolution Chamber  
  13  1:00  Drone x3  
  15  1:20  Overlord  
  15  1:48  Roach Warren  
  15  1:51  Zergling x6  
  17  1:58  Extractor  
  16  2:05  Extractor  
  16  2:07  Queen  
  17  2:25  Drone x3  
  20  3:15  Baneling Nest  
  20  3:19  Drone x3  
  22  3:45  Lair  
  22  4:18  Roach x4  
  22  4:20  Overlord  
  22  4:21  Overlord  
  27  5:04  Roach x3  
  33  5:11  Pneumatized Carapace  
  33  5:30  Hydralisk Den  
  32  5:38  Roach  
  32  5:39  Roach x4  
  42  5:48  Ravager  
  43  5:55  Burrow  
  43  6:50  Spine Crawler  
  43  6:53  Spine Crawler  
  22  8:09  Hydralisk x6  
  28  8:39  Infestation Pit  
  27  9:17  Hydralisk x4  
  27  9:18  Hydralisk x2  
  39  9:43  Hive  
  39  9:46  Drone  
  39  9:47  Drone  
  41  10:01  Spire  
  40  10:11  Drone x4  
  40  10:12  Drone  
  38  10:56  Viper x2  
  44  10:59  Overlord  
  33  11:32  Queen  
  35  11:40  Mutalisk x2  
  35  11:41  Mutalisk  
  41  12:07  Queen  
  43  12:32  Mutalisk  
  45  12:48  Drone x2  
  47  13:14  Drone  
  48  13:51  Drone x3  
Show
View Real Time Build Order
Export as new Build Order

CinDra Zerg - Winner!

Build Orders: Hatch First 

Get SALT Encoding   

  12  0:01  Drone  
  13  0:13  Overlord  
  13  0:16  Drone  
  14  0:31  Drone  
  14  0:32  Drone  
  16  0:36  Drone  
  17  0:47  Drone  
  18  0:59  Hatchery  
  18  1:01  Drone  
  18  1:07  Drone  
  19  1:18  Drone  
  19  1:23  Spawning Pool  
  19  1:27  Extractor  
  18  1:35  Drone  
  19  1:40  Overlord  
  19  1:50  Drone  
  20  2:02  Drone  
  21  2:11  Queen x2  
  21  2:13  Zergling x4  
  27  2:23  Drone x2  
  27  2:28  Metabolic Boost  
  29  2:36  Extractor, Zergling x2  
  29  2:37  Zergling x2  
  30  2:45  Drone x2  
  32  3:16  Queen  
  32  3:18  Overlord x2  
  34  3:29  Drone x2  
  34  3:31  Overlord x2  
  36  3:45  Zergling x4  
  36  3:46  Zergling x8  
  42  3:55  Roach Warren  
  41  3:56  Lair  
  41  3:58  Pneumatized Carapace  
  41  4:03  Drone  
  41  4:05  Drone  
  41  4:06  Drone x2  
  45  4:19  Drone  
  45  4:20  Drone x4  
  45  4:21  Drone  
  51  4:35  Drone x2  
  52  4:54  Drone  
  52  4:55  Drone x4  
  52  4:56  Glial Reconstitution  
  52  4:57  Roach x2  
  61  5:03  Extractor  
  61  5:06  Extractor  
  59  5:30  Drone x4  
  59  5:31  Drone  
  64  5:38  Drone x2  
  64  5:40  Drone x2  
  68  5:45  Overlord x2  
  68  5:58  Hatchery  
  67  6:06  Overseer x2  
  67  6:18  Roach x6  
  77  6:19  Roach x2  
  83  6:41  Spire  
  82  6:49  Evolution Chamber  
  82  6:52  Evolution Chamber  
  82  6:54  Roach x2  
  82  6:55  Overlord  
  82  6:56  Overlord x6  
  84  7:14  Queen  
  86  7:17  Drone x5  
  86  7:18  Drone x3  
  94  7:28  Drone  
  94  7:29  Drone x2  
  97  7:56  Roach x6  
  97  7:57  Roach x2  
  113  8:03  Roach  
  110  8:20  Extractor  
  110  8:22  Drone x2  
  110  8:23  Extractor, Drone x3  
  110  8:25  Overlord  
  113  8:30  Zerg Flyer Weapons Level 1  
  113  8:35  Zerg Missile Weapons Level 1, Zerg Ground Armor Level 1  
  113  8:44  Mutalisk x5  
  113  8:45  Mutalisk  
  125  8:53  Mutalisk x2  
  125  8:54  Mutalisk x6  
  125  8:55  Mutalisk  
  143  8:59  Drone  
  143  9:01  Drone  
  145  9:15  Drone  
  145  9:16  Mutalisk x2  
  145  9:17  Mutalisk  
  152  9:46  Mutalisk  
  152  9:48  Overlord  
  152  9:49  Overlord x8  
  154  10:04  Overlord x2  
  154  10:44  Mutalisk x8  
  154  10:45  Mutalisk x7  
  184  11:17  Mutalisk  
  184  11:18  Mutalisk x4  
  188  11:24  Zerg Missile Weapons Level 2  
  194  11:32  Infestation Pit  
  189  12:18  Roach x5  
  199  12:25  Zergling x2  
  200  13:02  Hatchery  
  197  14:16  Mutalisk x3  
  197  14:17  Mutalisk x3  
Tags
 
League
Bronze
Matchup
ZvZ
Race
Zerg
Spawn Locations
Cross Positions
Add a new tag
Caveats
  • Supply blocks, unpowered buildings, or Contaminate may cause inaccurate times.
  • Supply counts are checked every 10 seconds.